 Dungeon Crawl Stone Soup version 0.30.1-11-g7821555f0a (webtiles) character file.

Game seed: 699388395811622950

98 Ijustatesigmund the Firebug (level 4, -6/24 HPs)
             Began as a Tengu Fire Elementalist on Dec 15, 2023.
             Mangled by an ogre
             ... wielding a +0 giant club
              (30 damage)
             ... on level 4 of the Dungeon.
             The game lasted 00:05:11 (2152 turns).

Ijustatesigmund the Firebug (TeFE)                  Turns: 2152, Time: 00:05:13

Health: -6/24      AC:  2    Str:  9    XL:     4   Next: 69%
Magic:  1/9        EV: 12    Int: 17    God:
Gold:   135        SH:  0    Dex: 14    Spells: 1/8 levels left

rFire   . . .        c - +1 whip (venom)
rCold   . . .        (no shield)
rNeg    . . .        a - +0 robe
rPois   .            (helmet restricted)
rElec   .            (no cloak)
rCorr   .            (no gloves)
SInv    .            (boots unavailable)
Will    .....        (no amulet)
Stlth   ++           (no ring)
HPRegen 0.24/turn    (no ring)
MPRegen 0.11/turn

%: no passive effects
@: very slightly contaminated
A: beak, talons 3
a: no special abilities


You were on level 4 of the Dungeon.
You visited 2 branches of the dungeon, and saw 5 of its levels.

You collected 135 gold pieces.

Inventory:

Hand Weapons
 c - a +1 whip of venom (weapon)
Armour
 a - a +0 robe (worn)
Scrolls
 d - a scroll of noise {unknown}
 g - a scroll of vulnerability {unknown}
 i - 3 scrolls of identify {unknown}
 l - a scroll of teleportation {unknown}
Potions
 b - a potion of magic
 e - 3 potions of curing {unknown}
 f - 2 potions of degeneration {unknown}
 h - a potion of might {unknown}
 j - a potion of brilliance {unknown}
 k - a potion of haste {unknown}


   Skills:
 - Level 2.1 Dodging
 - Level 2.0 Stealth
 + Level 2.9 Spellcasting
 + Level 3.5 Conjurations
 + Level 4.3 Fire Magic


You had one spell level left.
You knew the following spells:

 Your Spells              Type           Power      Damage    Failure   Level
a - Foxfire               Conj/Fire      60%        2x1d7     3%          1
b - Scorch                Fire           34%        2d6       4%          2
c - Flame Wave            Conj/Fire      15%        2d7       34%         4

Your spell library contained the following spells:

 Spells                   Type           Power      Damage    Failure   Level
 Inner Flame              Hex/Fire       9%         N/A       22%         3
 Volatile Blastmotes      Fire/Tloc      18%        2d11      22%         3
 Lesser Beckoning         Tloc           4%         N/A       26%         2
 Gell's Gravitas          Tloc           2%         N/A       47%         3
 Teleport Other           Tloc           2%         N/A       47%         3
 Dispersal                Tloc           1%         N/A       100%        6


Dungeon Overview and Level Annotations

Branches:
Dungeon (4/15)             Temple (1/1) D:4

Altars:
Ashenzari
Elyvilon
Fedhas
Kikubaaqudgha
Makhleb
Nemelex Xobeh
Okawaru
Qazlal
Ru
Trog
Uskayaw
Vehumet
Wu Jian
Xom
Yredelemnul
Zin
The Shining One

Shops:
D:1 =


Innate Abilities, Weirdness & Mutations

You have a beak for a mouth.
You have claws for feet.


Message History

Found a bloodstained altar of Trog.
There is a transporter here.
You enter the transporter and appear at another place.
There is a transporter here.
You enter the transporter and appear at another place.
There is a transporter here.
You enter the transporter and appear at another place.
There is a transporter here.
You enter the transporter and appear at another place.
There is a staircase back to the Dungeon here.
There is a staircase back to the Dungeon here.
You climb upwards.
Welcome back to the Dungeon!
There is a staircase to the Ecumenical Temple here.
Found a glowing whip.
Casting: Scorch (safe; 4% risk of failure)
Confirm with . or Enter, or press ? or * to list all spells.
You conjure some foxfire!
The foxfire hits the ogre.
The ogre is lightly wounded.
The ogre shouts!
Casting: Foxfire (safe; 3% risk of failure)
Confirm with . or Enter, or press ? or * to list all spells.
You miscast Foxfire.
You are very lightly contaminated with residual magic.
Nothing appears to happen.
Casting: Foxfire (safe; 3% risk of failure)
Confirm with . or Enter, or press ? or * to list all spells.
Flames lash the ogre.
The ogre is moderately wounded.
The ogre's fire resistance burns away.
Casting: Scorch (safe; 4% risk of failure)
Confirm with . or Enter, or press ? or * to list all spells.
You miscast Scorch.
Nothing appears to happen.
The ogre barely misses you.
Casting: Scorch (safe; 4% risk of failure)
Confirm with . or Enter, or press ? or * to list all spells.
Flames lash the ogre.
The ogre is burned terribly!
The ogre is severely wounded.
The ogre hits you with a +0 giant club!!
Ouch! That really hurt!
You die...

#.....##...#
.....+..........#
.....#..........#
#######....#...########
...........#...#####
)..........+.......#
...........#.......#
......O....#.####..#
+######@..##.#######
...................+
...................#
!.##...§§§.####..###
#....§...###..##
.................#
.................#
###################


You could see an ogre (combustible).

Vanquished Creatures
  An orc priest (D:3)
  A jelly (D:3)
  A worm (D:2)
  2 dart slugs (D:1)
  3 orcs (D:3)
  A ball python (D:2)
  2 endoplasms (D:1)
  A giant cockroach (D:2)
  3 hobgoblins (D:1)
  3 jackals (D:1)
  3 kobolds
  2 quokkas
  2 bats
  2 frilled lizards
  A rat (D:1)
28 creatures vanquished.

Vanquished Creatures (others)
  86 foxfires
86 creatures vanquished.

Grand Total: 114 creatures vanquished

Notes
Turn   | Place    | Note
-------+----------+-------------------------------------------
     0 | D:1      | Ijustatesigmund the Tengu Fire Elementalist began the quest
                  | for the Orb.
     0 | D:1      | Reached XP level 1. HP: 10/10 MP: 4/4
    62 | D:1      | Found Diro Lemeupt's Jewellery Shoppe.
   256 | D:1      | Reached XP level 2. HP: 15/15 MP: 0/6
   259 | D:1      | Learned a level 2 spell: Scorch
   847 | D:1      | You fall into a shaft and drop 1 floor!
   858 | D:2      | Reached XP level 3. HP: 19/19 MP: 5/7
  1293 | D:2      | Found a bloodstained altar of Trog.
  1746 | D:3      | Reached skill level 4 in Fire Magic
  1746 | D:3      | Reached XP level 4. HP: 14/24 MP: 3/9
  1902 | D:3      | Learned a level 4 spell: Flame Wave
  2083 | D:4      | Found a staircase to the Ecumenical Temple.
  2085 | D:4      | Noticed an ogre
  2089 | Temple   | Entered the Ecumenical Temple
  2089 | Temple   | Found a transporter.
  2089 | Temple   | Found a transporter.
  2091 | Temple   | Found a transporter.
  2091 | Temple   | Found a transporter.
  2152 | D:4      | Mangled by an ogre

Illustrated notes

Levels and vault maps discovered:
D:1:      giann_wishing_wells, layout_rooms, serial_shops, nicolae_shop_trees,
          minmay_unequal
D:2:      layout_loops_ring, basic_altar
D:3:      cheibrodos_fertilizer, layout_basic, lemuel_round_altar, serial_shops,
          nicolae_shop_rolled_up, shop, shop, nicolae_shop_tiny_waterfront,
          nicolae_shop_peninsula, hellmonk_ecumenical_altar_dog_temple
D:4:      kennysheep_the_goblin_king, layout_gridville, lemuel_doored_altar,
          minmay_temple_entry_purple_smoke, feat_on_display
Temple:   hellmonk_temple_divided_pantheon

Skill      XL: |  1  2  3 |
---------------+----------+-----
Conjurations   | 2 3 |  3.5
Fire Magic     | 4 |  4.3
Dodging        | |  2.1
Stealth        | |  2.0
Spellcasting   | |  2.9

Action                     |  1- 3 |  4- 6 || total
---------------------------+-------+-------++-------
  Melee: Whip              |     8 |     2 ||    10
         Kick              |     1 |     1 ||     2
         Peck              |     3 |       ||     3
   Cast: Foxfire           |    46 |     5 ||    51
         Scorch            |     2 |     3 ||     5
 Armour: Robe              |     4 |       ||     4
  Dodge: Dodged            |    20 |     2 ||    22
